 Dungeon Crawl Stone Soup version 0.28-a0-1084-ga282ea246d (webtiles) character file.

Game seed: 1050076480512824509

35462 Conn the Eclecticist (level 13, -8/68 HPs)
             Began as a Deep Elf Ice Elementalist on Dec 10, 2021.
             Was a Believer of Sif Muna.
             Constricted to death by Jorgrun (11 damage)
             ... on level 2 of the Orcish Mines on Dec 11, 2021.
             The game lasted 01:27:31 (21314 turns).

Conn the Eclecticist (Deep Elf Ice Elementalist)   Turns: 21314, Time: 01:27:32

Health: -8/68      AC: 10    Str: 11    XL:     13   Next: 47%
Magic:  0/34       EV: 12    Int: 26    God:    Sif Muna [**....]
Gold:   1162       SH: 12    Dex: 13    Spells: 1/43 levels left

rFire   . . .      SeeInvis .   a - +2 short sword (protect)
rCold   + . .      Faith    .   S - +2 buckler {rF+}
rNeg    . . .      Spirit   .   P - +2 robe of a sewer {rCorr Slay+3}
rPois   .          Reflect  +   l - +2 helmet
rElec   .          Harm     .   O - +0 cloak
rCorr   +          Rampage  .   (no gloves)
Will    +....                   (no boots)
Stlth   +++.......              H - amulet of reflection
HPRegen 0.21/turn               K - +6 ring of strength
MPRegen 0.24/turn               F - ring of ice

@: grasped by roots, unable to drink, constricted, studying Fighting
A: iridescent scales 1, clumsy 1
a: Renounce Religion, Channel Magic


You were on level 2 of the Orcish Mines.
You worshipped Sif Muna.
Sif Muna was pleased with you.
You visited 3 branches of the dungeon, and saw 15 of its levels.
You also visited: Sewer.

You collected 1477 gold pieces.
You spent 315 gold pieces at shops.

Inventory:

Hand Weapons
 a - a +2 short sword of protection (weapon)
 b - a +2 hunting sling of freezing
Missiles
 g - 133 sling bullets
 u - a curare-tipped dart (quivered)
Armour
 l - a +2 helmet (worn)
 O - a +0 cloak (worn)
 P - the +2 robe of a sewer (worn) {rCorr Slay+3}
   (You found it on level 10 of the Dungeon)

   Slay:      It affects your accuracy & damage with ranged weapons and melee
   (+3).
   rCorr:     It protects you from acid and corrosion.
 S - a +2 buckler of fire resistance (worn)
Magical Staves
 z - a staff of poison
Jewellery
 v - a ring of see invisible
 F - a ring of ice (right hand)
 H - an amulet of reflection (around neck)
 K - a +6 ring of strength (left hand)
 Q - a +4 ring of protection
 Y - a ring of protection from cold
Wands
 t - a wand of digging (10)
 A - a wand of charming (7)
 B - a wand of iceblast (5)
 C - a wand of paralysis (4)
 M - a wand of polymorph (4)
 N - a wand of acid (6)
 X - a wand of flame (15)
Scrolls
 c - 4 scrolls of magic mapping
 e - a scroll of acquirement {unknown}
 f - 3 scrolls of enchant weapon {unknown}
 j - 2 scrolls of teleportation
 n - a scroll of enchant armour {unknown}
 o - a scroll of silence {unknown}
 q - 4 scrolls of amnesia
 s - a scroll of holy word {unknown}
 x - a scroll of brand weapon {unknown}
 y - a scroll of fog {unknown}
 D - a scroll of torment
 I - a scroll of noise {unknown}
 W - a scroll of summoning {unknown}
Potions
 h - 2 potions of lignification
 i - a potion of invisibility
 m - 5 potions of flight
 r - a potion of brilliance
 E - 4 potions of heal wounds
 G - 2 potions of attraction
 J - a potion of cancellation
 T - a potion of degeneration {unknown}
 U - a potion of mutation
 V - 4 potions of curing
 Z - a potion of haste
Miscellaneous
 d - a condenser vane (inert)


   Skills:
 + Level 2.9 Fighting
 + Level 5.3 Short Blades
 + Level 1.6 Throwing
 + Level 7.6 Dodging
 + Level 4.5 Stealth
 * Level 4.0 Shields
 + Level 15.6 Spellcasting
 + Level 9.3 Conjurations
 + Level 2.0 Translocations
 * Level 2.6 Fire Magic
 * Level 14.1 Ice Magic
 * Level 8.2 Earth Magic
 + Level 1.2 Poison Magic
 + Level 1.6 Evocations


You had one spell level left.
You knew the following spells:

 Your Spells              Type           Power      Damage    Failure   Level
a - Freeze                Ice            100%       1d11      0%          1
b - Frozen Ramparts       Ice            100%       1d12      1%          3
c - Ozocubu's Armour      Ice            96%        N/A       1%          3
d - Hailstorm             Conj/Ice       89%        3d18      1%          4
e - Ozocubu's Refrigerat  Ice            48%        4d14      7%          7
f - Stone Arrow           Conj/Erth      100%       3d13      1%          3
g - Iskenderun's Mystic   Conj/Tloc      50%        2d11      2%          4
h - Lee's Rapid Deconstr  Erth           29%        3d16*     2%          5
i - Iron Shot             Conj/Erth      30%        9d6       11%         6
j - Starburst             Conj/Fire      25%        6d8       32%         6

Your spell library contained the following spells:

 Spells                   Type           Power      Damage    Failure   Level
 Apportation              Tloc           60%        N/A       1%          1
 Animate Skeleton         Necr           40%        N/A       2%          1
 Slow                     Hex            80%        N/A       2%          1
 Summon Small Mammal      Summ           80%        N/A       2%          1
 Dazzling Flash           Conj/Hex       88%        N/A       1%          3
 Gell's Gravitas          Tloc           30%        N/A       3%          3
 Teleport Other           Tloc           30%        N/A       3%          3
 Fulminant Prism          Conj/Hex       22%        3d13      3%          4
 Animate Armour           Summ/Erth      82%        N/A       4%          4
 Confusing Touch          Hex            20%        N/A       8%          3
 Vampiric Draining        Necr           20%        2d7       8%          3
 Olgreb's Toxic Radiance  Pois           26%        N/A       16%         4
 Summon Forest            Summ/Tloc      12%        N/A       43%         5
 Blade Hands              Tmut           10%        N/A       58%         5
 Yara's Violent Unravell  Hex/Tmut       10%        3d6       58%         5
 Dispersal                Tloc           15%        N/A       86%         6
 Eringya's Noxious Bog    Tmut/Pois      11%        N/A       97%         6
 Lehudib's Crystal Spear  Conj/Erth      30%        10d8      99%         8
 Summon Hydra             Summ           10%        N/A       100%        7
 Ignition                 Fire           17%        3d7       100%        8


Dungeon Overview and Level Annotations

Branches:
Dungeon (12/15)            Temple (1/1) D:6            Lair (0/6) D:10
    Orc (2/2) D:12          Sewer (visited)
    Elf: Orc:2

Altars:
Ashenzari
Cheibriados
Dithmenos
Elyvilon
Fedhas
Gozag
Hepliaklqana
Kikubaaqudgha
Makhleb
Nemelex Xobeh
Okawaru
Qazlal
Ru
Sif Muna
Trog
Uskayaw
Vehumet
Wu Jian
Xom
Yredelemnul
Zin
The Shining One
Beogh

Shops:
D:8 !   Orc:2 !

Annotations:
Orc:2 Jorgrun


Innate Abilities, Weirdness & Mutations

You are partially covered in iridescent scales. (AC +2)
You are clumsy. (Dex -2)


Message History

Okay, then.
Unknown command.
Okay, then.
Unknown command.
You cannot drink potions in your current state!
Okay, then.
Press: ? - help, v - describe, . - travel The floor.
There is a cloud of freezing vapour here.
As you read the scroll of fear, it crumbles to dust.
You assume a fearsome visage.
Jorgrun looks frightened!
Jorgrun is engulfed in freezing vapours.
The grasping roots constrict you.
* * * LOW HITPOINT WARNING * * *
Okay, then.
Casting: Lee's Rapid Deconstruction (dangerous; 2% risk of failure)
Confirm with . or Enter, or press ? or * to list all spells.
Aiming: Stone Arrow (safe; 1% risk of failure)
Press: ? - help, Shift-Dir - straight line, f - Jorgrun
Aim: Jorgrun, wielding a +0 vorpal quarterstaff and wearing a +2 robe of resistance (freezing vapour, almost dead, fleeing, 63% to hit)
The stone arrow misses Jorgrun.
Jorgrun is engulfed in freezing vapours.
The grasping roots constrict you!
* * * LOW HITPOINT WARNING * * *
Okay, then.
You cannot drink potions in your current state!
Okay, then.
Okay, then.
Okay, then.
Unknown command.
Unknown command.
Unknown command.
Aiming: Corrosive Bolt
Press: ? - help, Shift-Dir - straight line, f/p - Jorgrun
Aim: Jorgrun, wielding a +0 vorpal quarterstaff and wearing a +2 robe of resistance (almost dead, fleeing, 53% to hit)
The bolt of acid hits Jorgrun.
The acid corrodes Jorgrun!
Jorgrun is almost dead.
Your attack snaps Jorgrun out of his fear.
The grasping roots constrict you!
You die...

. ## .^ ..#... #......
...... ##....... .....
#<....... ##### ....
#........ ##?∩[## ...
........#
##.§@§.##...... ..
.......g##
#..§§§..#.....# #.
.....#####
#..§8☼..#.....# #.
...... .#
#.))..).#...#.+ #.
.....<
...##g.).)##.....######.
.......
....##.).##.............
.....##'##...........<..
........................
..........#.............


You could see Jorgrun (fleeing, corroded).

Vanquished Creatures
  A stone giant (Orc:1)
  An ettin (Orc:1)
  A boulder beetle (D:10)
  6 two-headed ogres
  A tengu warrior (D:10)
  An orc sorcerer (Orc:1)
  An orc knight (Orc:2)
  2 manticores
  16 cyclopes
  An ugly thing (D:11)
  Joseph (D:9)
  Maurice (D:9)
  3 gargoyles
  2 unseen horrors
  A kobold demonologist (D:12)
  A freezing wraith (D:9)
  7 trolls
  A meliai (shapeshifter) (D:9)
  2 hornets
  A shadow (D:11)
  A vampire (D:10)
  5 wyverns
  23 yaks
  5 wraiths
  A steam dragon (D:6)
  A basilisk (D:10)
  The ghost of balagan2 the Skirmisher, an amateur DsAK of Lugonu (D:5)
  Grum (D:10)
  3 vampire mosquitoes (D:10)
  5 wargs (Orc:1)
  3 water moccasins
  4 acid dragons
  6 black bears
  A sky beast (D:5)
  8 orc warriors
  8 ogres
  4 wolves
  10 centaurs
  5 kobold brigands
  3 gnoll sergeants
  4 bullfrogs
  Blork the orc (D:4)
  4 scorpions
  A wyvern skeleton (D:6)
  A water moccasin zombie (D:4)
  27 killer bees
  12 wights
  4 centaur zombies
  4 hounds
  2 jellies
  2 centaur skeletons
  10 orc priests
  4 iguanas
  Natasha (twice) (D:4)
  A merfolk siren (Sewer)
  20 orc wizards
  A merfolk avatar (Sewer)
  A hound zombie (D:3)
  2 howler monkey zombies
  5 adders
  17 gnolls
  4 river rats
  3 white imps
  2 ufetubi (D:5)
  3 adder skeletons
  5 worms (D:4)
  A dart slug (D:4)
  37 orcs
  6 bats
  6 endoplasms
  2 giant cockroaches
  14 hobgoblins
  4 jackals (D:3)
  8 quokkas
  9 ball pythons
  6 frilled lizards
  10 goblins
  27 kobolds
  25 rats
446 creatures vanquished.

Vanquished Creatures (collateral kills)
  A boulder beetle (D:10)
  A centaur zombie (D:9)
2 creatures vanquished.

Vanquished Creatures (others)
  A two-headed ogre (D:10)
  A centaur (D:9)
  A scorpion (D:6)
  2 fungi (D:10)
  27 plants
32 creatures vanquished.

Grand Total: 480 creatures vanquished

Notes
Turn   | Place    | Note
-------+----------+-------------------------------------------
     0 | D:1      | Conn the Deep Elf Ice Elementalist began the quest for the
                  | Orb.
     0 | D:1      | Reached XP level 1. HP: 10/10 MP: 6/6
   253 | D:1      | Reached XP level 2. HP: 8/15 MP: 2/8
  1215 | D:2      | Noticed a black bear
  1274 | D:2      | Found a faded altar of an unknown god.
  1819 | D:2      | Reached skill level 5 in Ice Magic
  1819 | D:2      | Reached XP level 3. HP: 11/19 MP: 6/10
  1823 | D:2      | Learned a level 3 spell: Frozen Ramparts
  1827 | D:2      | Learned a level 3 spell: Ozocubu's Armour
  2044 | D:2      | Killed a black bear
  2045 | D:2      | Reached skill level 4 in Spellcasting
  2045 | D:2      | Reached XP level 4. HP: 18/24 MP: 0/12
  2045 | D:2      | Reached XP level 5. HP: 21/28 MP: 0/13
  2346 | D:2      | Reached skill level 1 in Short Blades
  3006 | D:3      | Reached skill level 5 in Spellcasting
  3079 | D:3      | Reached XP level 6. HP: 23/33 MP: 12/15
  3324 | D:3      | Learned a level 4 spell: Hailstorm
  3424 | D:3      | Found a white marble altar of Elyvilon.
  3842 | D:4      | Noticed a +0 spear
  3844 | D:4      | Noticed a +0 dagger
  3844 | D:4      | Noticed a +0 spear
  3845 | D:4      | Noticed a +0 short sword
  3845 | D:4      | Noticed a +0 falchion
  3845 | D:4      | Noticed a +0 dagger
  3845 | D:4      | Noticed a +0 falchion
  3845 | D:4      | Noticed a +0 short sword
  3854 | D:4      | Found a hide-covered altar of Uskayaw.
  3986 | D:4      | Noticed Natasha
  4004 | D:4      | Killed Natasha
  4100 | D:4      | Reached skill level 1 in Conjurations
  4179 | D:4      | Found a stormy altar of Qazlal.
  4314 | D:4      | Noticed Natasha
  4322 | D:4      | Killed Natasha
  4323 | D:4      | Reached XP level 7. HP: 19/37 MP: 11/17
  4366 | D:4      | Found a glowing drain.
  4375 | Sewer    | Entered a sewer
  5474 | D:4      | Noticed Blork the orc
  5489 | D:4      | Killed Blork the orc
  5607 | D:4      | Reached skill level 6 in Spellcasting
  5993 | D:4      | Reached XP level 8. HP: 33/42 MP: 15/19
  6228 | D:5      | Entered Level 5 of the Dungeon
  6237 | D:5      | Learned a level 7 spell: Ozocubu's Refrigeration
  6527 | D:5      | Reached skill level 7 in Spellcasting
  6541 | D:5      | Reached skill level 1 in Fighting
  6740 | D:5      | Found a radiant altar of Vehumet.
  6883 | D:5      | Found a blossoming altar of Fedhas.
  7061 | D:5      | Found a runed translucent gate.
  7061 | D:5      | Found a runed translucent gate.
  7061 | D:5      | Found a runed translucent gate.
  7062 | D:5      | Noticed balagan2's ghost (amateur DsAK)
  7076 | D:5      | Killed balagan2's ghost
  7567 | D:6      | Reached XP level 9. HP: 40/47 MP: 15/22
  7884 | D:6      | Found a shimmering altar of Xom.
  8105 | D:6      | Reached skill level 5 in Dodging
  8105 | D:6      | Reached skill level 8 in Spellcasting
  8681 | D:6      | Learned a level 3 spell: Stone Arrow
  8690 | D:6      | Noticed a manticore
  8698 | D:6      | Killed a manticore
  8699 | D:6      | Reached skill level 10 in Ice Magic
  8699 | D:6      | Reached skill level 1 in Poison Magic
  8995 | D:6      | Reached skill level 5 in Conjurations
  9198 | D:6      | Found a staircase to the Ecumenical Temple.
  9214 | D:6      | Learned a level 4 spell: Iskenderun's Mystic Blast
  9216 | Temple   | Entered the Ecumenical Temple
  9619 | D:7      | Reached skill level 1 in Earth Magic
 10190 | D:7      | Found an ancient bone altar of Kikubaaqudgha.
 10272 | D:7      | Found a shimmering blue altar of Sif Muna.
 10469 | D:8      | Reached skill level 9 in Spellcasting
 10475 | D:8      | Reached XP level 10. HP: 41/52 MP: 13/25
 10802 | D:8      | Found Xyacw's Distillery.
 11172 | D:8      | Found a broken altar of Ashenzari.
 11716 | D:8      | Found a shadowy altar of Dithmenos.
 11946 | D:9      | Reached skill level 10 in Spellcasting
 12560 | D:9      | Noticed Maurice
 12605 | D:9      | Noticed a guardian serpent
 12619 | D:9      | a guardian serpent changed into a meliai
 12727 | D:9      | Found a sparkling altar of Nemelex Xobeh.
 12890 | D:9      | Reached skill level 1 in Evocations
 13028 | D:9      | Killed Maurice
 13200 | D:9      | Noticed Joseph
 13208 | D:9      | Killed Joseph
 13330 | D:9      | Reached skill level 11 in Spellcasting
 13525 | D:9      | Learned a level 5 spell: Lee's Rapid Deconstruction
 13570 | D:10     | Entered Level 10 of the Dungeon
 13586 | D:10     | Reached XP level 11. HP: 50/57 MP: 18/28
 13646 | D:10     | Reached skill level 5 in Earth Magic
 13773 | D:10     | Identified the +2 robe of a sewer {rCorr Slay+3}
 13858 | D:10     | Reached skill level 1 in Shields
 14005 | D:10     | Found a staircase to the Lair.
 14070 | D:10     | Noticed a two-headed ogre
 14071 | D:10     | Noticed a boulder beetle
 14081 | D:10     | Killed a boulder beetle
 14097 | D:10     | Reached skill level 12 in Spellcasting
 14261 | D:10     | Reached skill level 1 in Throwing
 14291 | D:10     | Noticed a tengu warrior
 14303 | D:10     | Killed a tengu warrior
 14521 | D:10     | Noticed a two-headed ogre
 14558 | D:10     | Killed a two-headed ogre
 14691 | D:10     | Noticed a two-headed ogre
 14714 | D:10     | Killed a two-headed ogre
 14715 | D:10     | Reached skill level 13 in Spellcasting
 14720 | D:10     | Noticed a boulder beetle
 15058 | D:10     | Noticed a two-headed ogre
 15095 | D:10     | Killed a two-headed ogre
 15096 | D:10     | Reached XP level 12. HP: 57/64 MP: 16/31
 15105 | D:10     | Reached skill level 5 in Short Blades
 15105 | D:10     | Reached skill level 1 in Translocations
 15171 | D:10     | Noticed Grum
 15177 | D:10     | Killed Grum
 15638 | D:10     | Killed a boulder beetle
 15903 | D:10     | Found an iron altar of Okawaru.
 16114 | D:11     | Paralysed by a hornet for 2 turns
 16302 | D:11     | Learned a level 6 spell: Iron Shot
 16784 | D:11     | Reached skill level 14 in Spellcasting
 17070 | D:12     | Identified the +0 ring mail of Mugaesudgh {Will+ Regen+}
 17081 | D:12     | Found a staircase to the Orcish Mines.
 17465 | D:12     | Noticed a two-headed ogre
 17469 | D:12     | Killed a two-headed ogre
 17607 | D:12     | Noticed a two-headed ogre
 17612 | D:12     | Killed a two-headed ogre
 17899 | D:7      | Became a worshipper of Sif Muna the Loreminder
 18558 | Orc:1    | Entered Level 1 of the Orcish Mines
 18704 | Orc:1    | Noticed a two-headed ogre
 18712 | Orc:1    | Reached skill level 15 in Spellcasting
 18713 | Orc:1    | Killed a two-headed ogre
 18719 | Orc:1    | Reached XP level 13. HP: 58/68 MP: 5/34
 19039 | Orc:1    | Reached * piety under Sif Muna
 19137 | Orc:1    | Learned a level 6 spell: Starburst
 19884 | Orc:1    | Reached skill level 1 in Fire Magic
 20594 | Orc:1    | Noticed a stone giant
 20601 | Orc:1    | Killed a stone giant
 20606 | Orc:1    | Noticed an ettin
 20609 | Orc:1    | Killed an ettin
 20625 | Orc:1    | Found the +5 demon whip "Spellbinder" {antimagic, Will+}
 20627 | Orc:1    | Identified the +4 flail of Tapsat {vorpal, Str+4}
 20629 | Orc:1    | Identified the +1 broad axe of Dismay {vamp, rCorr}
 20903 | Orc:2    | Entered Level 2 of the Orcish Mines
 20903 | Orc:2    | Noticed Jorgrun
 21089 | Orc:2    | Reached ** piety under Sif Muna
 21146 | Orc:2    | Found Jamodum's Distillery.
 21241 | Orc:2    | Bought a potion of haste for 150 gold pieces
 21241 | Orc:2    | Bought a potion of invisibility for 120 gold pieces
 21241 | Orc:2    | Bought a potion of lignification for 45 gold pieces
 21248 | Orc:2    | Gained mutation: You are clumsy. (Dex -2) [potion of
                  | mutation]
 21248 | Orc:2    | Gained mutation: You are partially covered in iridescent
                  | scales. (AC +2) [potion of mutation]
 21313 | Orc:2    | HP: 3/68 [constriction (9)]
 21314 | Orc:2    | Constricted to death by Jorgrun

Illustrated notes

Levels and vault maps discovered:
D:1:      amcnicky_arrival_choice, layout_loops_ring, supply_closet_lemuel,
          serial_park_tiny_pond, chequers_jeans, hangedman_decor_opposing
D:2:      layout_loops_cross, hellmonk_ecumenical_altar_arch_garden
D:3:      layout_rooms, nicolae_elyvilon_temple_path
D:4:      cheibrodos_thug_alley, layout_layer_cave, grunt_qazlal_sundering,
          nicolae_uskayaw_en_pointe, cheibrodos_sewer_entry_sluice,
          minmay_misc_feat_room, minmay_manual_maat, uniq_blork_the_orc,
          uniq_natasha
D:5:      layout_gridville, mainiacjoe_overflow_catch_the_wave,
          gammafunk_ghost_nasty_kobolds
D:6:      layout_basic, xom_confusion_cloud, minmay_temple_entry_offerings,
          corexii_checkpoint_a
D:7:      layout_gridville, marbit_many_paths, nicolae_overflow_hidden_temple,
          minivault_24
D:8:      layout_cave_pools, mainiacjoe_overflow_24_doors,
          mainiacjoe_overflow_small_starburst, serial_shops, shop, minivault_11
D:9:      layout_basic, nemelex_altar_shiori, uniq_joseph, uniq_maurice
D:10:     nzn_winding_woodlands_three_and_one [nzn_winding_woodlands_5x15_pool,
          nzn_winding_woodlands_5x15_zeroes,
          nzn_winding_woodlands_5x15_longhouse,
          nzn_winding_woodlands_center_garden], layout_cross,
          kennysheep_okawaru_gauntlet, minmay_lair_entry_grove,
          nicolae_concentric_dashed_squares_wild, minmay_diamond_spiral,
          uniq_grum
D:11:     layout_rooms
D:12:     layout_irregular_city, orc_0_dummy
Temple:   cyrus_temple_forest
Orc:1:    giant_chief_lemuel, layout_caves
Orc:2:    grunt_orc_community_town_hall, layout_diamond_mine,
          grunt_orc_community_big_house_1, grunt_orc_community_big_house_2,
          grunt_orc_community_house_2, grunt_orc_community_house_1,
          grunt_orc_community_house_3, grunt_orc_community_house_2, uniq_jorgrun

Skill      XL: |  1  2  3  4  5  6  7  8  9 10 11 12 13 |
---------------+----------------------------------------+-----
Stealth        | 3 4 |  4.5
Ice Magic      | 5 6 7 9 10 11 12 13 14 | 14.1
Spellcasting   | 4 5 6 7 9 11 13 15 | 15.6
Short Blades   | 1 2 3 4 5 |  5.3
Dodging        | 3 4 5 6 7 |  7.6
Conjurations   | 1 2 4 5 6 8 9 |  9.3
Fighting       | 1 2 |  2.9
Poison Magic   | 1 |  1.2
Earth Magic    | 3 4 5 7 8 |  8.2
Evocations     | 1 |  1.6
Shields        | 1 3 4 |  4.0
Throwing       | 1 |  1.6
Translocations | 1 2 |  2.0
Fire Magic     | 2 |  2.6

Action                   |  1- 3 |  4- 6 |  7- 9 | 10-12 | 13-15 || total
-------------------------+-------+-------+-------+-------+-------++-------
Melee: Unarmed           |     1 |       |       |       |       ||     1
       Short sword       |     9 |    88 |   225 |   164 |    24 ||   510
Throw: Dart              |       |       |    11 |    24 |     4 ||    39
 Cast: Freeze            |    38 |    56 |   154 |   160 |    10 ||   418
       Frozen Ramparts   |     2 |     3 |    23 |    39 |     3 ||    70
       Ozocubu's Armour  |     1 |     4 |    21 |    30 |     5 ||    61
       Hailstorm         |       |       |    10 |    22 |     8 ||    40
       Stone Arrow       |       |       |     7 |    65 |     8 ||    80
       Iskenderun's Myst |       |       |       |    23 |    12 ||    35
       Lee's Rapid Decon |       |       |       |    18 |     2 ||    20
       Ozocubu's Refrige |       |       |       |     3 |    14 ||    17
       Iron Shot         |       |       |       |       |     2 ||     2
Evoke: Wand              |       |       |     3 |     9 |     2 ||    14
       Condenser vane    |       |       |       |       |     1 ||     1
  Use: Scroll            |     1 |     4 |       |     1 |     4 ||    10
       Potion            |     1 |       |     3 |     2 |     2 ||     8
 Stab: Sleeping          |     4 |     6 |     8 |     2 |       ||    20
Armor: Robe              |     8 |    36 |   153 |   153 |    11 ||   361
       Skin              |       |       |     9 |       |       ||     9
Dodge: Dodged            |    28 |    96 |   262 |   249 |    14 ||   649
Block: Other             |       |       |     2 |    55 |       ||    57
       Buckler           |       |       |       |    69 |    30 ||    99
       Reflection        |       |       |       |     2 |     4 ||     6

Table legend: (Time is in decaauts)
 A = Elapsed time spent in this place.
 B = Non-inter-level travel time spent in this place.
 C = Inter-level travel time spent in this place.
 D = Time resting spent in this place.
 E = Time spent auto-exploring this place.
 F = Levels seen in this place.
 G = Mean time per level.
                   A        B        C        D        E       F      G
               +--------+--------+--------+--------+--------+-----+--------+
         Total |  21346 |  20630 |    716 |   2275 |  13478 |  16 | 1334.1 |
       Dungeon |  17802 |  17142 |    660 |   1423 |  11802 |  12 | 1483.5 |
        Temple |    102 |    102 |      0 |      0 |     29 |   1 |  102.0 |
  Orcish Mines |   2752 |   2697 |     55 |    757 |   1296 |   2 | 1376.0 |
         Sewer |    689 |    689 |      0 |     95 |    351 |   1 |  689.0 |
               +--------+--------+--------+--------+--------+-----+--------+

Top non-repeatable levels by time:
    D:10: 2566 daAuts
   Orc:1: 2519 daAuts
     D:9: 1844 daAuts
     D:4: 1789 daAuts
     D:6: 1768 daAuts
     D:1: 1460 daAuts
     D:8: 1371 daAuts
     D:5: 1341 daAuts
    D:12: 1294 daAuts
     D:2: 1271 daAuts
     D:3: 1067 daAuts
     D:7: 1036 daAuts
    D:11: 991 daAuts
   Sewer: 689 daAuts
   Orc:2: 233 daAuts
